 Dungeon Crawl Stone Soup version 0.31.0-9-g3a7656b989 (webtiles) character file.

Game seed: 12414642378919214818

52 qw the Shooter (level 3, -2/20 HPs)
             Began as a Deep Elf Hunter on Feb 3, 2024.
             Slain by a gnoll
             ... wielding a +1 spear of pain
              (8 damage)
             ... on level 2 of the Dungeon.
             The game lasted 00:00:25 (868 turns).

qw the Shooter (Deep Elf Hunter)                     Turns: 868, Time: 00:00:26

Health: -2/20      AC:  6    Str: 10    XL:     3   Next: 60%
Magic:  5/5        EV: 11    Int: 13    God:
Gold:   103        SH:  0    Dex: 18    Spells: 2/2 levels left

rFire   . . .        a - +0 shortbow
rCold   + . .        (shield currently unavailable)
rNeg    . . .        j - +1 ring mail
rPois   .            (no helmet)
rElec   .            (no cloak)
rCorr   .            (no gloves)
SInv    .            (no boots)
Will    .....        c - amulet of regeneration
Stlth   +            b - ring of protection from cold
HPRegen 1.03/turn    (no ring)
MPRegen 0.09/turn

%: no passive effects
@: no status effects
A: mutation resistance 1
a: no special abilities


You were on level 2 of the Dungeon.
You visited 1 branch of the dungeon, and saw 3 of its levels.

You collected 129 gold pieces.
You spent 26 gold pieces at shops.


Innate Abilities, Weirdness & Mutations

You are somewhat resistant to further mutation.


   Skills:
 - Level 1.5 Fighting
 + Level 7.1 Ranged Weapons
 - Level 2.4 Dodging
 - Level 1.2 Stealth


You had 2 spell levels left.
You didn't know any spells.
Your spell library was empty.

Inventory:

Hand Weapons
 a - a +0 shortbow (weapon)
Armour
 j - a +1 ring mail (worn)
Jewellery
 b - a ring of protection from cold (left hand)
 c - an amulet of regeneration (around neck)
Potions
 d - a potion of cancellation {unknown}
 f - 3 potions of haste
 n - a potion of mutation

Dungeon Overview and Level Annotations

Branches:
Dungeon (3/15)

Altars:

Shops:
D:1 *

Portals:
Abyss: D:3

Annotations:
D:2 Robin
D:3 2 transporters, qw's ghost, amateur DEHu


Message History

A goblin and 3 gnolls come into view.
A gnoll is wielding a +1 spear of pain.
The gnoll shouts! x2; You hear a shout!
The gnoll shouts!
You hear a shout! x2
The goblin shouts!
You hear a shout! x8
A goblin comes into view. It is wielding a +0 club. x3
Enter note:
Enter note:
Enter note:
Enter note:
Enter note: You shoot an arrow.
The arrow completely misses the gnoll.
A goblin comes into view. It is wielding a +0 dagger.
The gnoll hits you with a +0 club.
A goblin comes into view. It is wielding a +0 dagger.
You shoot an arrow. The arrow closely misses the gnoll.
A goblin comes into view. It is wielding a +0 dagger.
The gnoll barely misses you. The gnoll hits you with a +0 club.
Robin of the Strong Arm comes into view.
They are wielding a +0 club.
A goblin comes into view. It is wielding a +0 club. x2
The gnoll barely misses you. The gnoll hits you with a +0 club.
You shoot an arrow. The arrow hits the gnoll!
The gnoll is heavily wounded.
The gnoll closely misses you. The gnoll completely misses you.
A hobgoblin comes into view.
Robin says, "Kneel, worm!"
A goblin comes into view. It is wielding a +0 dagger.
You shoot an arrow. The arrow barely misses the gnoll.
The arrow barely misses the goblin.
The arrow hits the goblin.
The goblin is moderately wounded.
The gnoll completely misses you. The gnoll barely misses you.
A goblin comes into view. It is wielding a +0 club.
You shoot an arrow. The arrow hits the gnoll.
The gnoll is almost dead.
The gnoll hits you but does no damage. The gnoll hits you with a +0 club.
You shoot an arrow. The arrow barely misses the gnoll.
The arrow hits the goblin.
You kill the goblin!
The gnoll hits you from afar with a +1 spear of pain.
The gnoll hits you with a +0 club!
The gnoll hits you from afar with a +1 spear of pain!
You die...

.########...#..##....###
#......##....... .
#..>.#.##....... ..
#.####.##....... ##. #.#
#.##....... .... #.#
#.##....### .....
#.####.##....#
.....g###............# #
...gggg@.......#.##### #
....gg##########.# #
....g #.# # ..g.
##'####### ...
#.......## .. #.......##
. #.......## #.......##
##.#######


You could see Robin, 2 gnolls and 6 goblins.

Vanquished Creatures
  An adder (D:2)
  2 bats (D:1)
  4 endoplasms
  2 giant cockroaches
  5 goblins
  5 hobgoblins
  3 jackals (D:3)
  5 kobolds (D:1)
  2 quokkas
  4 ball pythons
  A frilled lizard (D:1)
  3 rats (D:2)
37 creatures vanquished.

Notes
Turn   | Place    | Note
-------+----------+-------------------------------------------
     0 | D:1      | qw the Deep Elf Hunter began the quest for the Orb.
     0 | D:1      | Reached XP level 1. HP: 12/12 MP: 3/3
     0 | D:1      | 0 ||| qw: Version: 0.3-a-155-g5e7d8dd
     0 | D:1      | 0 ||| qw: Game counter: 3005
     0 | D:1      | 0 ||| qw: Melee chars always use a shield: true
     0 | D:1      | 0 ||| qw: God list: Okawaru
     0 | D:1      | 0 ||| qw: Allow faded altars: false
     0 | D:1      | 0 ||| qw: Do Orc after clearing Dungeon:15 true
     0 | D:1      | 0 ||| qw: Do second Lair branch before Depths: true
     0 | D:1      | 0 ||| qw: Lair rune preference: random
     0 | D:1      | 0 ||| qw: Goals: Normal
     0 | D:1      | 0 ||| PLANNING D:1-11
   112 | D:1      | Reached XP level 2. HP: 16/16 MP: 4/4
   121 | D:1      | Reached skill level 6 in Ranged Weapons
   167 | D:1      | Found Ilifeegi's Assorted Antiques.
   180 | D:1      | 180 ||| BUYING blue potion (26 gold).
   180 | D:1      | Bought a blue potion for 26 gold pieces
   180 | D:1      | 180 ||| SHOPLISTING glowing cabochon ring (145 gold, have
                  | 6).
   180 | D:1      | 180 ||| SHOPLISTING sapphire potion (26 gold, have 6).
   180 | D:1      | 180 ||| SHOPLISTING scroll labelled BABI YDGHERIA (29 gold,
                  | have 6).
   180 | D:1      | 180 ||| SHOPLISTING scroll labelled IBLOYN DEECINA (29
                  | gold, have 6).
   180 | D:1      | 180 ||| SHOPLISTING scroll labelled TOYJEO CEACH (29 gold,
                  | have 6).
   449 | D:1      | 449 ||| UPGRADING to +0 ring mail.
   459 | D:1      | 459 ||| DROPPING +0 leather armour.
   460 | D:1      | 460 ||| DROPPING ring of wizardry.
   461 | D:1      | 461 ||| READING 2 scrolls labelled ASIADO NIROU.
   461 | D:1      | 461 ||| IDENTIFYING fizzy green potion
   462 | D:1      | 462 ||| READING scroll of identify.
   462 | D:1      | 462 ||| IDENTIFYING inky potion
   463 | D:1      | 463 ||| READING scroll labelled IBLOYN DEECINA.
   463 | D:1      | 463 ||| ENCHANTING +0 ring mail.
   464 | D:1      | 464 ||| READING scroll labelled SEOPSA ECEOCS.
   465 | D:1      | 465 ||| READING scroll labelled XUURRA ORAE.
   466 | D:1      | 466 ||| READING scroll labelled COISTO KOBOOS.
   467 | D:1      | 467 ||| DRINKING 2 fizzy red potions.
   467 | D:1      | Gained mutation: You are somewhat resistant to further
                  | mutation. [potion of mutation]
   468 | D:1      | 468 ||| DROPPING scroll of butterflies.
   469 | D:1      | 469 ||| DROPPING potion of invisibility.
   504 | D:2      | Reached XP level 3. HP: 17/20 MP: 5/5
   593 | D:2      | You fall into a shaft and drop 1 floor!
   593 | D:3      | Found a transporter.
   619 | D:3      | Noticed a small abomination
   620 | D:3      | Found a one-way gate to the infinite horrors of the Abyss.
   620 | D:3      | Noticed qw's ghost (amateur DEHu)
   650 | D:3      | Reached skill level 7 in Ranged Weapons
   693 | D:3      | Noticed a small abomination
   695 | D:3      | Found a transporter.
   711 | D:3      | Noticed a small abomination
   723 | D:3      | Noticed a kobold brigand
   763 | D:3      | 763 ||| UPGRADING to amulet of regeneration.
   768 | D:3      | 768 ||| UPGRADING to ring of protection from cold.
   769 | D:3      | 769 ||| READING scroll of identify.
   769 | D:3      | 769 ||| IDENTIFYING blue potion
   770 | D:3      | 770 ||| DROPPING potion of brilliance.
   864 | D:2      | Noticed Robin
   868 | D:2      | Slain by a gnoll

Levels and vault maps discovered:
D:1:      lightli_arrival_windingriver, layout_rooms, serial_shops,
          nicolae_shop_tiny_waterfront
D:2:      layout_basic, minmay_vboxes, uniq_sigmund, uniq_robin
D:3:      layout_basic, gammafunk_ghost_abyssal_escape

Skill      XL: |  1  2  3 |
---------------+----------+-----
Ranged Weapons | 6 7 |  7.1
Fighting       | |  1.5
Dodging        | |  2.4
Stealth        | |  1.2

Action                     || total
---------------------------++-------
   Fire: Shortbow          ||    85
    Use: Scroll            ||     7
         Potion            ||     1
 Armour: Leather armour    ||     2
         Ring mail         ||    18
  Dodge: Dodged            ||    19

Table legend:
 A = Non-vault XP
 B = Vault XP
 C = Vault XP percentage of total XP
 D = Non-vault monster count
 E = Vault monster count
 F = Vault count percentage of total count
                 A         B        C        D         E       F
            +---------+---------+-------+---------+---------+-------
      Total |      48 |      29 |  37.7 |      27 |      10 |  27.0
            +---------+---------+-------+---------+---------+-------
        D:1 |      33 |       0 |   0.0 |      19 |       0 |   0.0
        D:2 |       3 |      29 |  90.6 |       2 |      10 |  83.3
        D:3 |      12 |       0 |   0.0 |       6 |       0 |   0.0
            +---------+---------+-------+---------+---------+-------
